Map: Oceanborn LE

Players

Harstem

  • Race: Protoss Protoss
  • League: Master
  • Spawn Location: 5:00

ShoWTimE - Winner!

  • Race: Protoss Protoss
  • League: Master
  • Spawn Location: 11:00

Event: HomeStory Cup XXV

VOD

Have the link to the VOD?

Description

Time

  • Played on: June 22, 2024, 9:57 a.m.
  • Length: 12:22

All games in this series

Show
View Real Time Build Order
Export as new Build Order

Harstem Protoss 

Build Orders: Oracle Opening 

Get SALT Encoding   

  12  0:00  Probe  
  13  0:12  Probe  
  14  0:17  Pylon  
  14  0:24  Probe (Chrono Boost)  
  15  0:36  Gateway, Probe (Chrono Boost)  
  16  0:44  Probe (Chrono Boost)  
  16  0:46  Assimilator  
  17  0:51  Probe  
  17  0:54  Assimilator  
  18  1:03  Probe (Chrono Boost)  
  19  1:07  Gateway  
  20  1:12  Probe (Chrono Boost)  
  20  1:17  Probe (Chrono Boost)  
  20  1:23  Cybernetics Core  
  21  1:29  Probe  
  22  1:33  Pylon  
  22  1:41  Probe  
  23  1:53  Probe  
  24  1:59  Stalker x2  
  24  2:00  Warp Gate  
  28  2:05  Pylon  
  28  2:10  Probe  
  29  2:29  Stalker x2  
  32  2:44  Stargate  
  32  2:49  Probe  
  33  2:56  Shield Battery  
  33  3:05  Pylon  
  33  3:15  Nexus  
  33  3:18  Probe  
  34  3:27  Oracle (Chrono Boost)  
  34  3:32  Probe  
  39  3:48  Probe  
  39  3:54  Stalker  
  41  3:57  Stalker  
  43  4:06  Probe  
  40  4:20  Stalker  
  40  4:22  Stalker  
  41  4:25  Probe  
  39  4:41  Probe  
  39  4:42  Probe  
  41  4:53  Probe  
  43  5:05  Phoenix (Chrono Boost)  
  42  5:08  Stalker  
  42  5:12  Probe  
  41  5:14  Shield Battery  
  41  5:16  Probe  
  41  5:19  Sentry  
  44  5:26  Probe (Chrono Boost)  
  44  5:28  Probe (Chrono Boost)  
  47  5:36  Phoenix  
  47  5:37  Probe (Chrono Boost)  
  47  5:38  Probe (Chrono Boost)  
  48  5:42  Probe (Chrono Boost)  
  48  5:47  Probe (Chrono Boost)  
  50  5:53  Probe (Chrono Boost)  
  50  5:54  Robotics Facility  
  52  5:57  Probe (Chrono Boost)  
  52  5:58  Probe (Chrono Boost)  
  53  6:06  Probe  
  53  6:07  Forge  
  53  6:10  Pylon, Probe  
  55  6:12  Sentry  
  55  6:14  Pylon  
  57  6:19  Probe  
  57  6:22  Probe  
  59  6:28  Phoenix  
  59  6:31  Probe  
  59  6:32  Assimilator  
  60  6:34  Probe  
  60  6:35  Protoss Ground Weapons Level 1 (Chrono Boost)  
  60  6:39  Immortal (Chrono Boost)  
  61  6:40  Sentry  
  61  6:43  Probe  
  61  6:45  Pylon  
  61  6:46  Probe  
  69  6:55  Probe  
  70  7:05  Probe  
  72  7:10  Nexus  
  72  7:11  Shield Battery  
  75  7:15  Immortal  
  75  7:18  Probe  
  75  7:19  Probe  
  77  7:27  Twilight Council  
  77  7:30  Probe  
  77  7:31  Probe  
  77  7:33  Pylon  
  79  7:42  Probe  
  79  7:43  Probe  
  81  7:46  Gateway  
  81  7:48  Gateway, Stalker  
  83  7:54  Stalker, Probe  
  83  7:55  Probe  
  87  8:01  Immortal  
  91  8:06  Probe  
  91  8:07  Probe  
  91  8:08  Blink  
  91  8:12  Pylon  
  93  8:13  Protoss Ground Weapons Level 2 (Chrono Boost)  
  93  8:18  Probe  
  94  8:23  Stalker  
  94  8:25  Probe  
  97  8:28  Probe  
  97  8:32  Stalker  
  100  8:35  Probe  
  100  8:39  Probe  
  102  8:41  Assimilator  
  102  8:42  Stalker  
  102  8:43  Immortal  
  102  8:45  Probe  
  109  8:50  Assimilator, Pylon  
  109  8:53  Probe  
  109  8:54  Pylon  
  109  8:55  Assimilator, Probe  
  111  8:57  Phoenix  
  111  9:01  Stalker  
  111  9:02  Pylon  
  113  9:05  Pylon  
  113  9:16  Stalker x2  
  117  9:17  Stalker  
  117  9:21  Phoenix  
  119  9:31  Robotics Facility  
  119  9:32  Stalker, Robotics Bay  
  119  9:33  Observer (Chrono Boost)  
  122  9:45  Stalker x2  
  126  9:47  Observer (Chrono Boost)  
  126  9:50  Nexus  
  126  9:51  Stalker, Pylon  
  129  9:55  Pylon  
  129  9:58  Probe  
  129  9:59  Pylon  
  130  10:02  Probe  
  130  10:03  Probe  
  132  10:10  Probe  
  134  10:14  Probe  
  134  10:15  Probe  
  134  10:17  Shield Battery  
  141  10:21  Colossus (Chrono Boost)  
  141  10:24  Shield Battery  
  141  10:30  Colossus (Chrono Boost)  
  141  10:31  Extended Thermal Lance  
  141  10:34  Probe  
  141  10:35  Probe  
  149  10:36  Probe  
  148  10:46  Probe  
  148  10:48  Stalker x3  
  155  10:56  Pylon  
  150  11:03  Stalker  
  150  11:04  Probe  
  150  11:08  Probe  
  150  11:10  Probe, Colossus (Chrono Boost)  
  158  11:17  Stalker x3, Colossus (Chrono Boost)  
  162  11:28  Pylon x2  
  162  11:36  Stalker  
  164  11:50  Stalker x2  
  164  11:52  Stalker  
  140  12:00  Stalker  
Show
View Real Time Build Order
Export as new Build Order

ShoWTimE Protoss - Winner!

Build Orders: Oracle Opening 

Get SALT Encoding   

  12  0:00  Probe  
  13  0:12  Probe  
  14  0:17  Pylon  
  14  0:24  Probe (Chrono Boost)  
  15  0:36  Gateway, Probe (Chrono Boost)  
  16  0:44  Probe (Chrono Boost)  
  16  0:45  Assimilator  
  17  0:50  Probe  
  17  0:54  Assimilator  
  18  1:03  Probe (Chrono Boost)  
  19  1:06  Gateway  
  19  1:13  Probe (Chrono Boost)  
  19  1:18  Probe (Chrono Boost)  
  20  1:23  Cybernetics Core  
  21  1:29  Probe  
  22  1:34  Pylon  
  22  1:41  Probe  
  23  1:53  Probe  
  24  1:59  Adept x2  
  28  2:02  Stargate  
  28  2:07  Warp Gate  
  28  2:10  Probe  
  28  2:15  Pylon  
  29  2:23  Probe  
  30  2:33  Adept x2  
  35  2:42  Shield Battery  
  35  2:43  Oracle (Chrono Boost)  
  35  2:49  Probe  
  38  2:59  Pylon  
  38  3:19  Oracle (Chrono Boost), Shield Battery  
  45  3:32  Probe  
  44  3:34  Pylon  
  40  3:46  Nexus  
  40  3:47  Probe  
  41  3:55  Stalker  
  41  3:57  Stalker  
  45  4:03  Probe  
  46  4:15  Probe  
  43  4:18  Stalker  
  45  4:27  Stalker  
  45  4:30  Pylon  
  47  4:36  Twilight Council  
  47  4:48  Probe  
  47  4:50  Stalker  
  47  4:51  Stalker  
  51  5:12  Nexus  
  50  5:17  Probe  
  50  5:18  Blink (Chrono Boost)  
  51  5:31  Probe  
  52  5:43  Pylon, Probe  
  53  5:55  Probe  
  54  6:08  Probe  
  54  6:09  Nexus  
  55  6:13  Pylon  
  55  6:21  Probe  
  55  6:22  Gateway  
  55  6:25  Probe  
  57  6:32  Stalker x2  
  61  6:33  Probe  
  61  6:37  Probe  
  63  6:41  Gateway  
  63  6:46  Shield Battery, Probe  
  64  6:49  Probe  
  64  6:52  Assimilator  
  65  6:56  Stalker  
  65  6:58  Probe  
  65  7:00  Stalker  
  70  7:01  Probe  
  70  7:04  Forge  
  71  7:10  Probe  
  71  7:13  Probe  
  73  7:19  Stalker x2  
  73  7:22  Probe  
  78  7:23  Stalker  
  78  7:24  Probe  
  78  7:25  Probe  
  82  7:31  Robotics Facility  
  82  7:35  Probe (Chrono Boost)  
  82  7:36  Probe (Chrono Boost)  
  84  7:38  Probe (Chrono Boost)  
  84  7:39  Protoss Ground Weapons Level 1 (Chrono Boost)  
  84  7:40  Charge (Chrono Boost), Stalker  
  87  7:48  Probe (Chrono Boost)  
  87  7:50  Probe (Chrono Boost)  
  90  7:52  Probe (Chrono Boost)  
  90  7:55  Probe x2 (Chrono Boost)  
  90  7:56  Stalker  
  90  7:57  Stalker  
  96  7:59  Stalker  
  96  8:01  Probe  
  96  8:05  Pylon  
  99  8:14  Pylon  
  99  8:17  Observer  
  99  8:18  Gateway  
  99  8:19  Gateway  
  98  8:25  Gateway  
  98  8:27  Gateway  
  98  8:30  Pylon  
  98  8:36  Nexus  
  98  8:41  Immortal  
  98  8:43  Probe  
  98  8:44  Probe  
  98  8:45  Probe  
  105  8:50  Zealot x2  
  105  8:53  Zealot  
  111  8:55  Zealot  
  111  9:02  Photon Cannon  
  113  9:03  Pylon  
  113  9:07  Templar Archives  
  113  9:16  Probe, Photon Cannon  
  114  9:17  Probe  
  114  9:18  Probe  
  114  9:20  Warp Prism  
  118  9:27  Zealot x4, Protoss Ground Weapons Level 2 (Chrono Boost)  
  126  9:39  Gateway  
  126  9:40  Gateway  
  126  9:41  Probe  
  127  9:46  Shield Battery  
  127  9:52  Zealot x2, Photon Cannon  
  127  9:53  Zealot  
  127  9:55  High Templar x2  
  137  10:01  High Templar x2  
  137  10:02  Archon  
  137  10:05  Archon  
  141  10:10  Pylon, Immortal (Chrono Boost)  
  141  10:12  Pylon  
  145  10:14  Gateway  
  145  10:16  Gateway  
  145  10:25  Zealot  
  147  10:28  Pylon  
  147  10:30  Zealot x5, Pylon  
  147  10:33  Zealot  
  159  10:36  Pylon  
  157  10:45  Zealot x3  
  163  10:55  Zealot x7  
  163  11:05  Immortal  
  165  11:11  Zealot x5  
  165  11:15  Zealot x5  
  179  11:18  Observer  
  179  11:21  Zealot x2  
  175  11:31  Stalker x5  
  181  11:42  Zealot x3  
  183  11:50  Zealot x3  
  173  11:57  Zealot x4  
  171  12:02  Zealot x5  
Tags
 
Add a new tag
Caveats
  • Supply blocks, unpowered buildings, or Contaminate may cause inaccurate times.
  • Supply counts are checked every 10 seconds.